 Dungeon Crawl Stone Soup version 0.23-b1-51-gfe822ef6ca (webtiles) character file.

Game seed: 4832311609259469550

538 Laan the Covered (level 7, -1/44 HPs)
             Began as a Gargoyle Fighter on Feb 4, 2019.
             Killed by nerve-wracking pain
             ... invoked by an orc priest
              (7 damage)
             ... on level 4 of the Dungeon.
             The game lasted 00:07:23 (3199 turns).

Laan the Covered (Gargoyle Fighter)                 Turns: 3199, Time: 00:07:24

Health: -1/44      AC: 20    Str: 22    XL:     7   Next: 26%
Magic:  7/7        EV:  6    Int:  8    God:
Gold:   193        SH:  9    Dex:  9    Spells: 6/6 levels left

rFire    . . .     SeeInvis .   r - +2 hand axe (drain)
rCold    . . .     Gourm    .   c - +0 shield
rNeg     + . .     Faith    .   i - +1 chain mail
rPois    ∞         Spirit   .   o - +1 helmet
rElec    +         Reflect  .   (no cloak)
rCorr    .         Harm     .   (no gloves)
MR       .....                  u - +1 pair of boots
Stlth    ..........             (no amulet)
HPRegen  0.14/turn              (no ring)
MPRegen  0.10/turn              (no ring)

@: no status effects
A: negative energy resistance 1, electricity resistance, unbreathing,
petrification resistance, rot immunity, AC +4
a: no special abilities


You were on level 4 of the Dungeon.
You were not hungry.

You visited 1 branch of the dungeon, and saw 4 of its levels.

You collected 193 gold pieces.

Inventory:

Hand Weapons
 a - a +0 war axe
 r - a +2 hand axe of draining (weapon)
Armour
 c - a +0 shield (worn)
 i - a +1 chain mail (worn)
 o - a +1 helmet (worn)
 u - a +1 pair of boots (worn)
Wands
 t - a wand of disintegration (17)
 v - a wand of digging (7)
Scrolls
 e - a scroll of identify
 m - a scroll of amnesia
 n - a scroll of magic mapping {unknown}
 p - 3 scrolls of enchant armour
 s - a scroll of fear
Potions
 b - a potion of degeneration {unknown}
 d - 2 potions of might
 g - a potion of flight {unknown}
 h - 2 potions of haste {unknown}
 j - a potion of invisibility
 k - a potion of agility
 q - 2 potions of mutation {unknown}
 w - a potion of cancellation {unknown}
Comestibles
 f - 6 rations


   Skills:
 + Level 4.8 Fighting
 * Level 4.7 Axes
 + Level 4.9 Armour
 + Level 4.9 Shields


You had 6 spell levels left.
You didn't know any spells.
Your spell library contained the following spells:

 Spells                   Type           Power        Failure   Level  Hunger
 Confusing Touch          Hex            #.....       100%        1    ##.....
 Shroud of Golubria       Chrm/Tloc      #.........   100%        2    ###....
 Confuse                  Hex            #.......     100%        3    ####...
 Gell's Gravitas          Tloc           #.........   100%        3    ####...
 Petrify                  Tmut/Erth      #.......     100%        4    #####..
 Metabolic Englaciation   Hex/Ice        #.........   100%        5    ######.
 Yara's Violent Unravell  Hex/Tmut       #.........   100%        5    ######.


Dungeon Overview and Level Annotations

Branches:
Dungeon (4/15)
 Temple: D:4-7

Altars:
Dithmenos
Qazlal
Ru
Zin


Innate Abilities, Weirdness & Mutations

You are resistant to torment.
Your stone body is resilient. (AC +4)
You are immune to poison.
You resist negative energy. (rN+)
You are resistant to electric shocks. (rElec)
You can survive without breathing.
You are immune to petrification.
You are immune to rotting.


Message History

You hear some strange, mumbled words.
A magic dart appears from out of thin air!
The magic dart hits you but does no damage.
The orc priest hits you but does no damage.
The orc priest barely misses you.
You closely miss the orc priest.
The orc priest is heavily wounded.
You miss something. Something hits you but does no damage.
You block the orc priest's attack.
The orc priest calls down the wrath of Beogh upon you.
Beogh smites you!
* * * LOW HITPOINT WARNING * * *
Something hits you but does no damage.
You hit the orc priest but do no damage.
You drain the orc priest.
The orc priest is almost dead.
You miss something.
The orc priest mumbles some strange prayers to Beogh against you.
Pain shoots through your body!
You die...

#.##############
#.#...............
#.################
#.### .##.... ....
....... #..#
##.#.# # #.o# #..
.. #)o# #.# #.
#@{# # #.#.#
##.####..# ...
#....
#....##).##....
###..
#....##........
.....
#.......[.#....
#####. #.........#
... .. #.........#
.. ##. #....###+##
. #. ###..# #.


You could see 2 orc priests.

Vanquished Creatures
  Edmund (D:4)
  An iguana (D:4)
  An orc wizard (D:3)
  Jessica (D:3)
  Ijyb (D:4)
  Terence (D:3)
  Natasha (thrice) (D:2)
  A worker ant (D:4)
  2 howler monkey skeletons (D:4)
  Robin (D:3)
  5 adders
  An ooze (D:2)
  2 worms
  3 dart slugs
  2 leopard geckos
  6 orcs
  3 ball pythons
  11 bats
  5 giant cockroaches
  12 hobgoblins
  6 jackals
  4 quokkas
  2 frilled lizards
  13 goblins
  7 kobolds
  6 rats
101 creatures vanquished.

Notes
Turn   | Place    | Note
-------+----------+-------------------------------------------
     0 | D:1      | Laan the Gargoyle Fighter began the quest for the Orb.
     0 | D:1      | Reached XP level 1. HP: 14/14 MP: 1/1
   118 | D:1      | Reached XP level 2. HP: 19/19 MP: 2/2
   418 | D:1      | Reached XP level 3. HP: 23/23 MP: 3/3
   840 | D:2      | Found a faded altar of an unknown god.
   923 | D:2      | Noticed Natasha
   933 | D:2      | Killed Natasha
   933 | D:2      | Reached XP level 4. HP: 16/29 MP: 4/4
  1125 | D:2      | Noticed Natasha
  1155 | D:2      | Killed Natasha
  1220 | D:2      | Noticed Natasha
  1233 | D:2      | Killed Natasha
  1233 | D:2      | Reached XP level 5. HP: 12/33 MP: 5/5
  1692 | D:3      | Noticed Terence
  1709 | D:3      | Killed Terence
  1924 | D:3      | Found a shadowy altar of Dithmenos.
  1924 | D:3      | Found a stormy altar of Qazlal.
  1924 | D:3      | Found a glowing silver altar of Zin.
  1925 | D:3      | Found a sacrificial altar of Ru.
  2111 | D:3      | Identified Jessica's Guide on Protection
  2228 | D:3      | Noticed Jessica
  2230 | D:3      | Killed Jessica
  2230 | D:3      | Reached XP level 6. HP: 37/38 MP: 6/6
  2649 | D:4      | Noticed Robin
  2654 | D:3      | Killed Robin
  2882 | D:4      | Noticed Ijyb
  2893 | D:4      | Killed Ijyb
  2914 | D:4      | Noticed Edmund
  2942 | D:4      | Killed Edmund
  2942 | D:4      | Reached XP level 7. HP: 35/44 MP: 7/7
  3199 | D:4      | Killed from afar by an orc priest

Skill      XL: |  1  2  3  4  5  6 |
---------------+-------------------+-----
Axes           | 2 3 4 |  4.7
Shields        | 4 |  4.9
Fighting       | 4 |  4.8
Armour         | 4 |  4.9

Action                   |  1- 3 |  4- 6 |  7- 9 || total
-------------------------+-------+-------+-------++-------
Melee: War axe           |   106 |    88 |       ||   194
       Hand axe          |       |   145 |    17 ||   162
  Use: Potion            |       |     2 |     1 ||     3
       Scroll            |       |     8 |       ||     8
  Eat: Chunk             |       |     7 |     1 ||     8
Armor: Scale mail        |    14 |       |       ||    14
       Chain mail        |    88 |   134 |    28 ||   250
Dodge: Dodged            |    38 |    52 |     9 ||    99
Block: Shield            |    82 |   125 |    11 ||   218
